WASHINGTON vs BUFFALO

Created - May 29, 2021 at 12:24

Goals
1 2 3 T
WASHINGTON 2 0 1 3
BUFFALO 2 1 1 4
Shots
1 2 3 T
WASHINGTON 7 7 7 21
BUFFALO 10 7 11 28

1st period

1. BUFFALO , Brad Marchand 28 (Brock Nelson 43, Roman Josi 55) at 0:40
2. BUFFALO , Roman Josi 14 (Drew Doughty 41, Brad Marchand 36) at 5:06 (PP)
3. WASHINGTON , Blake Wheeler 20 (Victor Hedman 50, Clayton Keller 24) at 6:59 (PP)
4. WASHINGTON , Victor Hedman 11 (Brendan Gallagher 26, Clayton Keller 25) at 16:23

Penalties :
Marc Staal (BUF) for Goalie Interference (Minor) at 2:28, Carter Hart (WSH) for Slashing (Minor) at 5:00 - Radko Gudas served the penalty., Brent Seabrook (BUF) for Hooking (Minor) at 6:26, Marco Scandella (BUF) for Roughing (Minor) at 9:59, Damon Severson (WSH) for Roughing (Minor) at 16:51

2nd period

5. BUFFALO , Roman Josi 15 (Charlie Coyle 27, Drew Doughty 42) at 8:00 (PP)

Penalties :
Dustin Brown (BUF) for Hooking (Minor) at 0:55, Damon Severson (WSH) for Hooking (Minor) at 6:44, Victor Hedman (WSH) for Interference (Minor) at 12:33

3rd period

6. BUFFALO , Brock Nelson 39 (Brad Marchand 37, Matt Duchene 32) at 14:32
7. WASHINGTON , Damon Severson 14 (Blake Wheeler 29, Luke Glendening 10) at 19:42

Penalties :
Victor Hedman (WSH) for Tripping (Minor) at 2:20, Damon Severson (WSH) for Interference (Minor) at 6:15, Dylan DeMelo (WSH) for Interference (Minor) at 9:44

Goalie Stats

Carter Hart (WSH), 24 saves from 28 shots - (0.857), L, 32-22-6, 59:46 minutes
Tuukka Rask (BUF), 18 saves from 21 shots - (0.857), W, 43-16-3, 60:00 minutes

Players Stats for WASHINGTON

Player Name              G  A  P  +/- PIM S  H  SB GA TA FO     MP     PP MP  PK MP  
------------------------------------------------------------------------------------
Blake Wheeler            1  1  2   1  0   1  1  0  0  0  1/2    23:32   3:18   8:18 
Brayden Schenn           0  0  0   0  0   0  1  0  0  0  0/1    16:00   3:03   0:00 
Brendan Gallagher        0  1  1  -1  0   1  1  0  0  0  0/1    18:28   3:18   0:00 
Cal Clutterbuck          0  0  0   1  0   1  0  0  0  0  0/0     4:03   0:09   0:00 
Casey Cizikas            0  0  0   0  0   1  3  0  0  0  6/10   13:46   0:09   1:50 
Clayton Keller           0  2  2  -1  0   3  0  1  0  0  0/1    18:28   3:18   0:00 
Damon Severson           1  0  1   1  6   1  3  0  0  0  0/0    20:07   3:12   1:31 
Dylan DeMelo             0  0  0   0  2   0  0  1  0  0  0/0    11:42   0:00   0:38 
Justin Williams          0  0  0   0  0   0  1  0  0  0  0/0    10:21   0:09   0:00 
Luke Glendening          0  1  1   1  0   0  1  0  0  0  6/7     5:44   0:00   1:50 
Matt Niskanen            0  0  0   1  0   2  0  1  0  0  0/0    22:45   3:12   3:49 
Radko Gudas              0  0  0   0  0   1  0  1  0  0  0/0    15:44   0:00   4:39 
Ryan Getzlaf             0  0  0  -1  0   2  6  1  0  0  14/27  21:43   3:18   2:19 
Ryan Graves              0  0  0  -1  0   1  1  7  0  0  0/0    19:47   0:00   7:28 
Ryan O'Reilly            0  0  0   0  0   1  1  0  0  0  13/27  22:38   3:03   8:04 
Victor Hedman            1  1  2  -1  4   4  4  1  0  0  0/0    23:26   3:18   4:29 
Victor Mete              0  0  0   0  0   0  0  0  0  0  0/0     3:05   0:00   0:00 
Zach Parise              0  0  0   0  0   2  0  0  0  0  1/2    17:18   3:03   0:13 

Players Stats for BUFFALO

Player Name              G  A  P  +/- PIM S  H  SB GA TA FO     MP     PP MP  PK MP  
------------------------------------------------------------------------------------
Alex Killorn             0  0  0   0  0   1  1  1  0  0  0/0    11:03   0:00   0:00 
Brad Marchand            1  2  3   1  0   3  2  0  0  0  0/0    22:36   6:08   3:06 
Brent Seabrook           0  0  0  -2  2   1  2  0  0  0  0/0    21:03   5:19   2:43 
Brock Nelson             1  1  2   1  0   4  0  0  0  0  1/4    19:55   6:18   0:15 
Carl Hagelin             0  0  0   0  0   1  0  0  0  0  0/1    12:25   0:00   2:40 
Charlie Coyle            0  1  1   0  0   1  1  0  0  0  1/1    16:02   4:59   0:00 
Drew Doughty             0  2  2   1  0   2  3  0  0  0  0/0    25:50   5:58   3:14 
Dustin Brown             0  0  0  -1  2   0  1  0  0  0  0/0     9:09   0:33   0:34 
Eric Staal               0  0  0   0  0   3  0  0  0  0  6/20   16:12   4:59   0:10 
James van Riemsdyk       0  0  0  -1  0   0  0  0  0  0  0/0    12:56   4:36   0:00 
Jason Zucker             0  0  0   0  0   0  0  0  0  0  0/0     9:28   0:00   0:00 
Jordan Staal             0  0  0  -1  0   1  0  0  0  0  9/20   12:13   0:00   3:53 
Marc Staal               0  0  0   1  2   0  0  0  0  0  0/0    14:44   0:00   2:12 
Marco Scandella          0  0  0   1  2   2  2  1  0  0  0/0    12:32   0:00   0:00 
Matt Duchene             0  1  1   1  0   2  1  0  0  0  15/22  19:40   6:18   0:00 
Nate Thompson            0  0  0   0  0   0  1  0  0  0  5/10   11:50   0:00   2:22 
Roman Josi               2  1  3   1  0   4  3  2  0  0  0/0    25:50   5:58   3:14 
Shea Theodore            0  0  0  -2  0   3  0  1  0  0  0/0    19:58   5:19   1:37 

3 Stars

1 - Roman Josi (BUF)
2 - Brad Marchand (BUF)
3 - Brock Nelson (BUF)

Power Play

WASHINGTON - 1 on 4 Attempt(s) - 25.00%
BUFFALO - 2 on 7 Attempt(s) - 28.57%

Penalty Kill

WASHINGTON - 5 on 7 Attempt(s) - 71.43% - Score 0 goal in Penalty Kill
BUFFALO - 3 on 4 Attempt(s) - 75.00% - Score 0 goal in Penalty Kill

Team Stat

WASHINGTON - Hits : 23 - Faceoff Wins : 41 - Blocked Shots : 13 - Penalty Minutes : 14
BUFFALO - Hits : 17 - Faceoff Wins : 37 - Blocked Shots : 5 - Penalty Minutes : 8

Official

Referees : Chris Lee and TJ Luxmore
Linesman : Knarf Emot and Jonathan White

Game Notes

No Game Note

Finance

Level 1 -- Attendance: 6000 (100.00%) -- Ticket Income $480,000
Level 2 -- Attendance: 5000 (100.00%) -- Ticket Income $250,000
Level 3 -- Attendance: 1949 (97.45%) -- Ticket Income $54,572
Level 4 -- Attendance: 4000 (100.00%) -- Ticket Income $60,000
Luxury Box -- Attendance: 912 (91.20%) -- Ticket Income $145,920
Game was played at the KeyBank Center.
Total Attendance: 17861 (99.23%)
Total Ticket Income: $990,492
Total Income: $990,492

WASHINGTON

5 vs 5 Forward 
   Center                   Left Wing                Right Wing               Time % Phy DF OF 
 1 Ryan Getzlaf             Clayton Keller           Brendan Gallagher        35     0   2  3  
 2 Ryan O'Reilly            Brayden Schenn           Zach Parise              30     0   3  2  
 3 Casey Cizikas            Blake Wheeler            Justin Williams          25     1   3  1  
 4 Luke Glendening          Blake Wheeler            Cal Clutterbuck          10     1   3  1  

5 vs 5 Defense 
   Defense                  Defense                                           Time % Phy DF OF 
 1 Victor Hedman            Ryan Graves                                       45     0   3  2  
 2 Matt Niskanen            Damon Severson                                    40     0   2  3  
 3 Radko Gudas              Dylan DeMelo                                      14     1   3  1  
 4 Victor Hedman            Victor Mete                                       1      0   3  2  

PowerPlay Forward 
   Center                   Left Wing                Right Wing               Time % Phy DF OF 
 1 Ryan O'Reilly            Brayden Schenn           Zach Parise              50     0   0  5  
 2 Ryan Getzlaf             Clayton Keller           Brendan Gallagher        50     0   0  5  

PowerPlay Defense
   Defense                  Defense                                           Time % Phy DF OF 
 1 Victor Hedman            Blake Wheeler                                     50     0   0  5  
 2 Matt Niskanen            Damon Severson                                    50     0   0  5  

Penalty Kill 4 Players Forward 
   Center                   Wing                     Time % Phy DF OF 
 1 Ryan O'Reilly            Blake Wheeler            65     0   4  1  
 2 Luke Glendening          Casey Cizikas            35     0   4  1  

Penalty Kill 4 Players Defense
   Defense                  Defense                  Time % Phy DF OF 
 1 Victor Hedman            Ryan Graves              65     0   5  0  
 2 Matt Niskanen            Damon Severson           35     0   5  0  

Penalty Kill - 3 Players Forward 
   Forward                                           Time % Phy DF OF 
 1 Ryan O'Reilly                                     65     0   5  0  
 2 Ryan Getzlaf                                      35     0   5  0  

Penalty Kill - 3 Players Defense
   Defense                  Defense                  Time % Phy DF OF 
 1 Victor Hedman            Ryan Graves              65     0   5  0  
 2 Matt Niskanen            Damon Severson           35     0   5  0  

4 vs 4 Forward 
   Center                   Wing                     Time % Phy DF OF 
 1 Ryan O'Reilly            Zach Parise              50     0   2  3  
 2 Brayden Schenn           Blake Wheeler            50     0   2  3  

4 vs 4 Defense
   Defense                  Defense                  Time % Phy DF OF 
 1 Victor Hedman            Ryan Graves              50     0   3  2  
 2 Matt Niskanen            Damon Severson           50     0   2  3  

Last Minutes Offensive
   Center                   Left Wing                Right Wing               Defense                  Defense                  
   Ryan Getzlaf             Clayton Keller           Brendan Gallagher        Victor Hedman            Matt Niskanen            

Last Minutes Defensive
   Center                   Left Wing                Right Wing               Defense                  Defense                  
   Ryan O'Reilly            Brayden Schenn           Blake Wheeler            Victor Hedman            Ryan Graves              

Goaltenders
Starting : Carter Hart              
Backup : Carter Hutton            

Extra Forwards
Normal : Blake Wheeler, Ryan O'Reilly, Zach Parise - PP : Justin Williams, Casey Cizikas - PK : Ryan Getzlaf
Extra Defensemen
Normal : Victor Hedman, Matt Niskanen, Damon Severson - PP : Victor Mete - PK : Radko Gudas, Dylan DeMelo
Penalty Shots
Ryan Getzlaf, Zach Parise, Justin Williams, Blake Wheeler, Ryan O'Reilly

Scratches
WSH Cap Hit (Suspend), Sam Bennett (Healthy), Martin Frk (Healthy)

BUFFALO

5 vs 5 Forward 
   Center                   Left Wing                Right Wing               Time % Phy DF OF 
 1 Matt Duchene             Brad Marchand            Brock Nelson             35     0   1  4  
 2 Eric Staal               Alex Killorn             Charlie Coyle            30     0   1  4  
 3 Jordan Staal             James van Riemsdyk       Dustin Brown             25     1   1  3  
 4 Nate Thompson            Jason Zucker             Carl Hagelin             10     2   2  1  

5 vs 5 Defense 
   Defense                  Defense                                           Time % Phy DF OF 
 1 Roman Josi               Drew Doughty                                      35     1   1  3  
 2 Brent Seabrook           Shea Theodore                                     30     1   1  3  
 3 Marco Scandella          Marc Staal                                        25     1   1  3  
 4 Roman Josi               Drew Doughty                                      10     1   1  3  

PowerPlay Forward 
   Center                   Left Wing                Right Wing               Time % Phy DF OF 
 1 Matt Duchene             Brad Marchand            Brock Nelson             60     0   0  5  
 2 Eric Staal               James van Riemsdyk       Charlie Coyle            40     0   0  5  

PowerPlay Defense
   Defense                  Defense                                           Time % Phy DF OF 
 1 Roman Josi               Drew Doughty                                      60     1   0  4  
 2 Brent Seabrook           Shea Theodore                                     40     1   0  4  

Penalty Kill 4 Players Forward 
   Center                   Wing                     Time % Phy DF OF 
 1 Jordan Staal             Brad Marchand            60     2   2  1  
 2 Nate Thompson            Carl Hagelin             40     1   3  1  

Penalty Kill 4 Players Defense
   Defense                  Defense                  Time % Phy DF OF 
 1 Roman Josi               Drew Doughty             60     1   2  2  
 2 Brent Seabrook           Marc Staal               40     1   2  2  

Penalty Kill - 3 Players Forward 
   Forward                                           Time % Phy DF OF 
 1 Jordan Staal                                      60     1   4  0  
 2 Nate Thompson                                     40     1   4  0  

Penalty Kill - 3 Players Defense
   Defense                  Defense                  Time % Phy DF OF 
 1 Roman Josi               Drew Doughty             60     1   2  2  
 2 Brent Seabrook           Marc Staal               40     1   2  2  

4 vs 4 Forward 
   Center                   Wing                     Time % Phy DF OF 
 1 Eric Staal               Brock Nelson             60     1   1  3  
 2 Jordan Staal             Alex Killorn             40     1   1  3  

4 vs 4 Defense
   Defense                  Defense                  Time % Phy DF OF 
 1 Roman Josi               Drew Doughty             60     1   2  2  
 2 Brent Seabrook           Shea Theodore            40     1   2  2  

Last Minutes Offensive
   Center                   Left Wing                Right Wing               Defense                  Defense                  
   Matt Duchene             Brad Marchand            Brock Nelson             Roman Josi               Drew Doughty             

Last Minutes Defensive
   Center                   Left Wing                Right Wing               Defense                  Defense                  
   Jordan Staal             Brad Marchand            Brock Nelson             Roman Josi               Drew Doughty             

Goaltenders
Starting : Tuukka Rask              
Backup : Alex Stalock             

Extra Forwards
Normal : Jordan Staal, James van Riemsdyk, Carl Hagelin - PP : Jordan Staal, James van Riemsdyk - PK : Carl Hagelin
Extra Defensemen
Normal : Shea Theodore, Brent Seabrook, Marc Staal - PP : Marco Scandella - PK : Shea Theodore, Marco Scandella
Penalty Shots
Matt Duchene, Brad Marchand, Brock Nelson, James van Riemsdyk, Charlie Coyle

Scratches
David Backes (Healthy), Noel Acciari (Healthy), Matt Grzelcyk (Healthy)

% Time on Ice - WASHINGTON

Lines # - Real PCT - Wanted PCT - Time Play
Normal Forward
1 - 35% - 35% - 14:53
2 - 31% - 30% - 12:57
3 - 24% - 25% - 10:12
4 - 9% - 10% - 3:54
Normal Defense
1 - 29% - 45% - 12:19
2 - 37% - 40% - 15:27
3 - 26% - 14% - 11:05
4 - 7% - 1% - 3:05
PP Forward
1 - 49% - 50% - 3:12
2 - 51% - 50% - 3:18
PP Defense
1 - 51% - 50% - 3:18
2 - 49% - 50% - 3:12
PK Forward
1 - 84% - 65% - 9:27
2 - 16% - 35% - 1:50
PK Defense
1 - 69% - 65% - 7:50
2 - 31% - 35% - 3:27
PK3 Forward
1 - 0% - 65%
2 - 0% - 35%
PK3 Defense
1 - 0% - 65%
2 - 0% - 35%
44 Forward
1 - 0% - 50%
2 - 0% - 50%
44 Defense
1 - 0% - 50%
2 - 0% - 50%
Last Minute Offensive  - 0:17
Last Minute Defensive  - 0:00
Total
Forward - 60:00
Defense - 60:00

% Time on Ice - BUFFALO

Lines # - Real PCT - Wanted PCT - Time Play
Normal Forward
1 - 32% - 35% - 13:22
2 - 26% - 30% - 11:03
3 - 19% - 25% - 8:03
4 - 23% - 10% - 9:28
Normal Defense
1 - 35% - 35% - 14:43
2 - 30% - 30% - 12:45
3 - 30% - 25% - 12:33
4 - 5% - 10% - 1:55
PP Forward
1 - 56% - 60% - 6:18
2 - 44% - 40% - 4:59
PP Defense
1 - 53% - 60% - 5:58
2 - 47% - 40% - 5:19
PK Forward
1 - 64% - 60% - 4:08
2 - 36% - 40% - 2:22
PK Defense
1 - 50% - 60% - 3:14
2 - 50% - 40% - 3:16
PK3 Forward
1 - 0% - 60%
2 - 0% - 40%
PK3 Defense
1 - 0% - 60%
2 - 0% - 40%
44 Forward
1 - 0% - 60%
2 - 0% - 40%
44 Defense
1 - 0% - 60%
2 - 0% - 40%
Last Minute Offensive  - 0:00
Last Minute Defensive  - 0:17
Total
Forward - 60:00
Defense - 60:00

Play-by-Play

1st period


0:01 of 1st period - Ryan Getzlaf wins face-off versus Matt Duchene in neutral zone.
0:32 of 1st period - Shot by Matt Duchene.
0:32 of 1st period - Shot Blocked by Victor Hedman.
0:34 of 1st period - Shot by Brad Marchand.
0:34 of 1st period - Shot Blocked by Ryan Graves.
0:36 of 1st period - Shot by Roman Josi.
0:36 of 1st period - Shot Misses the Net.
0:40 of 1st period - Shot by Brad Marchand.
0:40 of 1st period - Goal by Brad Marchand - WASHINGTON : 0 - BUFFALO : 1.
0:41 of 1st period - Eric Staal wins face-off versus Ryan O'Reilly in neutral zone.
1:17 of 1st period - Shot by Ryan O'Reilly.
1:17 of 1st period - Shot Misses the Net.
1:46 of 1st period - Radko Gudas is hit by Marco Scandella and loses puck.
1:49 of 1st period - Shot by Radko Gudas.
1:49 of 1st period - Stopped by Tuukka Rask without a rebound.
1:50 of 1st period - Nate Thompson wins face-off versus Ryan Getzlaf in BUFFALO zone.
1:50 of 1st period - Nate Thompson is hit by Ryan Getzlaf.
2:05 of 1st period - Icing by Ryan Graves.
2:06 of 1st period - Ryan Getzlaf wins face-off versus Jordan Staal in WASHINGTON zone.
2:28 of 1st period - Minor Penalty to Marc Staal for Goalie Interference.
2:29 of 1st period - Jordan Staal wins face-off versus Ryan O'Reilly in BUFFALO zone.
2:29 of 1st period - Jordan Staal is hit by Brayden Schenn.
4:30 of 1st period - Marco Scandella is hit by Luke Glendening.
4:56 of 1st period - Shot by Charlie Coyle.
4:56 of 1st period - Shot Misses the Net.
4:58 of 1st period - Shot by Marco Scandella.
4:58 of 1st period - Shot Misses the Net.
5:00 of 1st period - Shot by Eric Staal.
5:00 of 1st period - Stopped by Carter Hart without a rebound.
5:00 of 1st period - Minor Penalty to Carter Hart for Slashing.
5:01 of 1st period - Matt Duchene wins face-off versus Ryan O'Reilly in WASHINGTON zone.
5:04 of 1st period - Shot by Drew Doughty.
5:04 of 1st period - Shot Misses the Net.
5:06 of 1st period - Shot by Roman Josi.
5:06 of 1st period - Goal by Roman Josi - WASHINGTON : 0 - BUFFALO : 2.
5:07 of 1st period - Ryan O'Reilly wins face-off versus Matt Duchene in neutral zone.
5:16 of 1st period - Shot by Ryan O'Reilly.
5:16 of 1st period - Stopped by Tuukka Rask without a rebound.
5:17 of 1st period - Ryan Getzlaf wins face-off versus Jordan Staal in BUFFALO zone.
5:23 of 1st period - Icing by Drew Doughty.
5:24 of 1st period - Jordan Staal wins face-off versus Ryan O'Reilly in BUFFALO zone.
6:26 of 1st period - Minor Penalty to Brent Seabrook for Hooking.
6:27 of 1st period - Jordan Staal wins face-off versus Ryan Getzlaf in BUFFALO zone.
6:27 of 1st period - Jordan Staal is hit by Ryan Getzlaf.
6:59 of 1st period - Shot by Blake Wheeler.
6:59 of 1st period - Goal by Blake Wheeler - WASHINGTON : 1 - BUFFALO : 2.
7:00 of 1st period - Casey Cizikas wins face-off versus Eric Staal in neutral zone.
7:24 of 1st period - Shot by Drew Doughty.
7:24 of 1st period - Stopped by Carter Hart without a rebound.
7:25 of 1st period - Nate Thompson wins face-off versus Brendan Gallagher in WASHINGTON zone.
7:52 of 1st period - Shot by Nate Thompson.
7:52 of 1st period - Shot Blocked by Clayton Keller.
7:54 of 1st period - Shot by Jason Zucker.
7:54 of 1st period - Shot Misses the Net.
8:37 of 1st period - Icing by Brock Nelson.
8:38 of 1st period - Matt Duchene wins face-off versus Casey Cizikas in BUFFALO zone.
8:38 of 1st period - Matt Duchene is hit by Casey Cizikas.
9:42 of 1st period - Shot by Eric Staal.
9:42 of 1st period - Shot Misses the Net.
9:44 of 1st period - Shot by Charlie Coyle.
9:44 of 1st period - Deflect By Eric Staal.
9:44 of 1st period - Stopped by Carter Hart without a rebound.
9:45 of 1st period - Ryan Getzlaf wins face-off versus Jordan Staal in WASHINGTON zone.
9:51 of 1st period - Clayton Keller is hit by Marco Scandella and loses puck.
9:59 of 1st period - Minor Penalty to Marco Scandella for Roughing.
10:00 of 1st period - Zach Parise wins face-off versus Jordan Staal in BUFFALO zone.
10:02 of 1st period - Brayden Schenn is hit by Roman Josi and loses puck.
10:37 of 1st period - Shot by Damon Severson.
10:37 of 1st period - Shot Misses the Net.
11:49 of 1st period - Brent Seabrook is hit by Ryan Getzlaf and loses puck.
12:21 of 1st period - Shot by Alex Killorn.
12:21 of 1st period - Shot Hit the Post.
12:23 of 1st period - Shot by Marco Scandella.
12:23 of 1st period - Stopped by Carter Hart without a rebound.
12:24 of 1st period - Casey Cizikas wins face-off versus Nate Thompson in WASHINGTON zone.
13:22 of 1st period - Shot by Ryan O'Reilly.
13:22 of 1st period - Shot Misses the Net.
13:44 of 1st period - Shot by Cal Clutterbuck.
13:44 of 1st period - Stopped by Tuukka Rask without a rebound.
13:45 of 1st period - Jordan Staal wins face-off versus Ryan Getzlaf in BUFFALO zone.
13:45 of 1st period - Jordan Staal is hit by Ryan Getzlaf.
13:56 of 1st period - James van Riemsdyk is hit by Victor Hedman and loses puck.
14:02 of 1st period - Icing by Ryan Graves.
14:03 of 1st period - Charlie Coyle wins face-off versus Ryan Getzlaf in WASHINGTON zone.
14:30 of 1st period - Ryan Getzlaf is hit by Drew Doughty and loses puck.
14:45 of 1st period - Charlie Coyle is hit by Justin Williams.
14:46 of 1st period - Icing by Charlie Coyle.
14:47 of 1st period - Luke Glendening wins face-off versus Eric Staal in BUFFALO zone.
15:02 of 1st period - Shot by Blake Wheeler.
15:02 of 1st period - Shot Blocked by Alex Killorn.
15:25 of 1st period - Shot by Blake Wheeler.
15:25 of 1st period - Shot Blocked by Roman Josi.
15:47 of 1st period - Shot by Brayden Schenn.
15:47 of 1st period - Shot Misses the Net.
15:51 of 1st period - Shot by Zach Parise.
15:51 of 1st period - Shot Misses the Net.
15:53 of 1st period - Shot by Zach Parise.
15:53 of 1st period - Stopped by Tuukka Rask without a rebound.
15:54 of 1st period - Matt Duchene wins face-off versus Ryan Getzlaf in BUFFALO zone.
15:54 of 1st period - Shea Theodore is hit by Brendan Gallagher and loses puck.
16:07 of 1st period - Shot by Brad Marchand.
16:07 of 1st period - Shot Misses the Net.
16:19 of 1st period - Shot by Clayton Keller.
16:19 of 1st period - Shot Misses the Net.
16:21 of 1st period - Shot by Brendan Gallagher.
16:21 of 1st period - Shot Blocked by Shea Theodore.
16:23 of 1st period - Shot by Victor Hedman.
16:23 of 1st period - Goal by Victor Hedman - WASHINGTON : 2 - BUFFALO : 2.
16:24 of 1st period - Ryan O'Reilly wins face-off versus Jordan Staal in neutral zone.
16:43 of 1st period - Matt Niskanen is hit by Dustin Brown and loses puck.
16:51 of 1st period - Minor Penalty to Damon Severson for Roughing.
16:52 of 1st period - Matt Duchene wins face-off versus Ryan O'Reilly in WASHINGTON zone.
16:55 of 1st period - Shot by Shea Theodore.
16:55 of 1st period - Shot Misses the Net.
17:21 of 1st period - Shot by Shea Theodore.
17:21 of 1st period - Stopped by Carter Hart without a rebound.
17:22 of 1st period - Matt Duchene wins face-off versus Ryan O'Reilly in WASHINGTON zone.
17:46 of 1st period - Shot by Ryan Getzlaf.
17:46 of 1st period - Stopped by Tuukka Rask without a rebound.
17:47 of 1st period - Eric Staal wins face-off versus Ryan O'Reilly in BUFFALO zone.
18:16 of 1st period - Shot by Brent Seabrook.
18:16 of 1st period - Stopped by Carter Hart with a rebound.
18:18 of 1st period - Shot by Shea Theodore.
18:18 of 1st period - Stopped by Carter Hart without a rebound.
18:19 of 1st period - Matt Duchene wins face-off versus Ryan O'Reilly in WASHINGTON zone.
18:28 of 1st period - Shot by Brad Marchand.
18:28 of 1st period - Shot Misses the Net.
18:30 of 1st period - Shot by Roman Josi.
18:30 of 1st period - Stopped by Carter Hart with a rebound.
18:49 of 1st period - Off-side.
18:50 of 1st period - Ryan Getzlaf wins face-off versus Eric Staal in neutral zone.
19:30 of 1st period - Shot by Jason Zucker.
19:30 of 1st period - Shot Misses the Net.
19:40 of 1st period - Jordan Staal is hit by Blake Wheeler and loses puck.
19:51 of 1st period - Shot by James van Riemsdyk.
19:51 of 1st period - Shot Blocked by Matt Niskanen.
Goals for this period are 2 for WASHINGTON vs 2 for BUFFALO.
Shots for this period are 7 for WASHINGTON vs 10 for BUFFALO.

2nd period


0:01 of 2nd period - Ryan Getzlaf wins face-off versus Matt Duchene in neutral zone.
0:55 of 2nd period - Minor Penalty to Dustin Brown for Hooking.
0:56 of 2nd period - Ryan O'Reilly wins face-off versus Jordan Staal in BUFFALO zone.
2:14 of 2nd period - Shot by Blake Wheeler.
2:14 of 2nd period - Deflect By Brendan Gallagher.
2:14 of 2nd period - Shot Misses the Net.
2:16 of 2nd period - Shot by Clayton Keller.
2:16 of 2nd period - Stopped by Tuukka Rask without a rebound.
2:17 of 2nd period - Ryan Getzlaf wins face-off versus Jordan Staal in BUFFALO zone.
2:20 of 2nd period - Shot by Clayton Keller.
2:20 of 2nd period - Stopped by Tuukka Rask without a rebound.
2:21 of 2nd period - Ryan Getzlaf wins face-off versus Jordan Staal in BUFFALO zone.
2:48 of 2nd period - Shot by Clayton Keller.
2:48 of 2nd period - Shot Misses the Net.
2:50 of 2nd period - Shot by Victor Hedman.
2:50 of 2nd period - Stopped by Tuukka Rask without a rebound.
2:51 of 2nd period - Ryan Getzlaf wins face-off versus Nate Thompson in BUFFALO zone.
3:10 of 2nd period - Shot by Alex Killorn.
3:10 of 2nd period - Deflect By Eric Staal.
3:10 of 2nd period - Stopped by Carter Hart without a rebound.
3:11 of 2nd period - Ryan O'Reilly wins face-off versus Nate Thompson in WASHINGTON zone.
4:16 of 2nd period - Shot by Clayton Keller.
4:16 of 2nd period - Stopped by Tuukka Rask without a rebound.
4:17 of 2nd period - Jordan Staal wins face-off versus Casey Cizikas in BUFFALO zone.
5:34 of 2nd period - Shea Theodore is hit by Damon Severson and loses puck.
5:57 of 2nd period - Shot by Matt Duchene.
5:57 of 2nd period - Shot Blocked by Ryan Getzlaf.
6:39 of 2nd period - Alex Killorn is hit by Damon Severson.
6:44 of 2nd period - Minor Penalty to Damon Severson for Hooking.
6:45 of 2nd period - Blake Wheeler wins face-off versus Eric Staal in WASHINGTON zone.
6:59 of 2nd period - Shot by Brad Marchand.
6:59 of 2nd period - Shot Misses the Net.
7:01 of 2nd period - Shot by Brad Marchand.
7:01 of 2nd period - Shot Misses the Net.
7:07 of 2nd period - Shot by Drew Doughty.
7:07 of 2nd period - Stopped by Carter Hart without a rebound.
7:08 of 2nd period - Matt Duchene wins face-off versus Ryan O'Reilly in WASHINGTON zone.
7:17 of 2nd period - Shot by Matt Duchene.
7:17 of 2nd period - Shot Blocked by Ryan Graves.
7:36 of 2nd period - Shot by Dustin Brown.
7:36 of 2nd period - Shot Blocked by Ryan Graves.
8:00 of 2nd period - Shot by Roman Josi.
8:00 of 2nd period - Goal by Roman Josi - WASHINGTON : 2 - BUFFALO : 3.
8:01 of 2nd period - Nate Thompson wins face-off versus Ryan O'Reilly in neutral zone.
8:13 of 2nd period - Shot by Carl Hagelin.
8:13 of 2nd period - Shot Blocked by Dylan DeMelo.
8:35 of 2nd period - Shot by Carl Hagelin.
8:35 of 2nd period - Stopped by Carter Hart with a rebound.
9:08 of 2nd period - Icing by Marc Staal.
9:09 of 2nd period - Nate Thompson wins face-off versus Blake Wheeler in BUFFALO zone.
9:11 of 2nd period - Icing by Marc Staal.
9:12 of 2nd period - Nate Thompson wins face-off versus Casey Cizikas in BUFFALO zone.
9:16 of 2nd period - Carl Hagelin is hit by Damon Severson and loses puck.
9:32 of 2nd period - Blake Wheeler is hit by Drew Doughty.
9:43 of 2nd period - Casey Cizikas is hit by Drew Doughty and loses puck.
9:47 of 2nd period - Icing by Drew Doughty.
9:48 of 2nd period - Matt Duchene wins face-off versus Clayton Keller in BUFFALO zone.
10:01 of 2nd period - Roman Josi is hit by Victor Hedman and loses puck.
10:12 of 2nd period - Shot by Clayton Keller.
10:12 of 2nd period - Shot Blocked by Roman Josi.
10:29 of 2nd period - Ryan Getzlaf is hit by Roman Josi and loses puck.
10:39 of 2nd period - Off-side.
10:40 of 2nd period - Casey Cizikas wins face-off versus Eric Staal in neutral zone.
11:04 of 2nd period - Charlie Coyle is hit by Casey Cizikas and loses puck.
12:01 of 2nd period - Icing by Marc Staal.
12:02 of 2nd period - Jordan Staal wins face-off versus Ryan Getzlaf in BUFFALO zone.
12:20 of 2nd period - Icing by Ryan Graves.
12:21 of 2nd period - Matt Duchene wins face-off versus Ryan Getzlaf in WASHINGTON zone.
12:21 of 2nd period - Brock Nelson is hit by Victor Hedman and loses puck.
12:33 of 2nd period - Minor Penalty to Victor Hedman for Interference.
12:34 of 2nd period - Matt Duchene wins face-off versus Ryan O'Reilly in WASHINGTON zone.
13:13 of 2nd period - Shot by Matt Duchene.
13:13 of 2nd period - Shot Misses the Net.
13:15 of 2nd period - Shot by Roman Josi.
13:15 of 2nd period - Shot Misses the Net.
13:44 of 2nd period - Shot by James van Riemsdyk.
13:44 of 2nd period - Shot Blocked by Radko Gudas.
13:46 of 2nd period - Shot by Eric Staal.
13:46 of 2nd period - Shot Misses the Net.
13:48 of 2nd period - Shot by Brent Seabrook.
13:48 of 2nd period - Shot Blocked by Ryan Graves.
15:07 of 2nd period - Shot by Clayton Keller.
15:07 of 2nd period - Shot Blocked by Marco Scandella.
15:09 of 2nd period - Shot by Matt Niskanen.
15:09 of 2nd period - Stopped by Tuukka Rask with a rebound.
15:11 of 2nd period - Shot by Matt Niskanen.
15:11 of 2nd period - Stopped by Tuukka Rask without a rebound.
15:12 of 2nd period - Eric Staal wins face-off versus Brayden Schenn in BUFFALO zone.
15:26 of 2nd period - Zach Parise is hit by Brent Seabrook and loses puck.
15:35 of 2nd period - Shot by Victor Hedman.
15:35 of 2nd period - Stopped by Tuukka Rask without a rebound.
15:36 of 2nd period - Jordan Staal wins face-off versus Zach Parise in BUFFALO zone.
15:52 of 2nd period - Icing by Jordan Staal.
15:53 of 2nd period - Casey Cizikas wins face-off versus Jordan Staal in BUFFALO zone.
16:05 of 2nd period - Jordan Staal is hit by Casey Cizikas and loses puck.
16:52 of 2nd period - Off-side.
16:53 of 2nd period - Luke Glendening wins face-off versus Eric Staal in neutral zone.
18:18 of 2nd period - Shot by Brock Nelson.
18:18 of 2nd period - Deflect By Brad Marchand.
18:18 of 2nd period - Shot Misses the Net.
18:28 of 2nd period - Shot by Brad Marchand.
18:28 of 2nd period - Stopped by Carter Hart with a rebound.
18:30 of 2nd period - Shot by Brock Nelson.
18:30 of 2nd period - Stopped by Carter Hart with a rebound.
19:07 of 2nd period - Shot by Jordan Staal.
19:07 of 2nd period - Stopped by Carter Hart without a rebound.
19:08 of 2nd period - Casey Cizikas wins face-off versus Nate Thompson in WASHINGTON zone.
Goals for this period are 0 for WASHINGTON vs 1 for BUFFALO.
Shots for this period are 7 for WASHINGTON vs 7 for BUFFALO.

3rd period


0:01 of 3rd period - Matt Duchene wins face-off versus Ryan Getzlaf in neutral zone.
0:06 of 3rd period - Shot by Brock Nelson.
0:06 of 3rd period - Shot Misses the Net.
0:08 of 3rd period - Shot by Drew Doughty.
0:08 of 3rd period - Shot Blocked by Ryan Graves.
0:12 of 3rd period - Shot by Brock Nelson.
0:12 of 3rd period - Stopped by Carter Hart without a rebound.
0:13 of 3rd period - Ryan O'Reilly wins face-off versus Eric Staal in WASHINGTON zone.
0:13 of 3rd period - Ryan O'Reilly is hit by Alex Killorn.
0:27 of 3rd period - Shot by Brayden Schenn.
0:27 of 3rd period - Deflect By Zach Parise.
0:27 of 3rd period - Stopped by Tuukka Rask without a rebound.
0:28 of 3rd period - Brock Nelson wins face-off versus Ryan Getzlaf in BUFFALO zone.
1:04 of 3rd period - Brock Nelson is hit by Victor Hedman and loses puck.
1:28 of 3rd period - Icing by Damon Severson.
1:29 of 3rd period - Eric Staal wins face-off versus Ryan O'Reilly in WASHINGTON zone.
1:32 of 3rd period - Shot by Alex Killorn.
1:32 of 3rd period - Stopped by Carter Hart without a rebound.
1:33 of 3rd period - Casey Cizikas wins face-off versus Eric Staal in WASHINGTON zone.
1:33 of 3rd period - Casey Cizikas is hit by Charlie Coyle.
2:06 of 3rd period - Shot by Charlie Coyle.
2:06 of 3rd period - Stopped by Carter Hart without a rebound.
2:07 of 3rd period - Jordan Staal wins face-off versus Ryan Getzlaf in WASHINGTON zone.
2:08 of 3rd period - Shot by Marco Scandella.
2:08 of 3rd period - Stopped by Carter Hart without a rebound.
2:09 of 3rd period - Ryan Getzlaf wins face-off versus Jordan Staal in WASHINGTON zone.
2:20 of 3rd period - Minor Penalty to Victor Hedman for Tripping.
2:21 of 3rd period - Ryan O'Reilly wins face-off versus Brock Nelson in WASHINGTON zone.
2:40 of 3rd period - Shot by Brad Marchand.
2:40 of 3rd period - Shot Misses the Net.
2:46 of 3rd period - Shot by Roman Josi.
2:46 of 3rd period - Shot Misses the Net.
2:50 of 3rd period - Shot by Roman Josi.
2:50 of 3rd period - Shot Blocked by Ryan Graves.
3:00 of 3rd period - Shot by Drew Doughty.
3:00 of 3rd period - Shot Hit the Post.
3:02 of 3rd period - Shot by Roman Josi.
3:02 of 3rd period - Shot Blocked by Ryan Graves.
4:02 of 3rd period - Shot by Roman Josi.
4:02 of 3rd period - Stopped by Carter Hart without a rebound.
4:03 of 3rd period - Luke Glendening wins face-off versus Brock Nelson in WASHINGTON zone.
4:12 of 3rd period - Shot by Ryan Getzlaf.
4:12 of 3rd period - Deflect By Zach Parise.
4:12 of 3rd period - Shot Misses the Net.
4:21 of 3rd period - Icing by Roman Josi.
4:22 of 3rd period - Ryan Getzlaf wins face-off versus Carl Hagelin in BUFFALO zone.
4:31 of 3rd period - Victor Hedman is hit by Nate Thompson.
4:32 of 3rd period - Icing by Victor Hedman.
4:33 of 3rd period - Eric Staal wins face-off versus Ryan Getzlaf in WASHINGTON zone.
4:58 of 3rd period - Shot by Brendan Gallagher.
4:58 of 3rd period - Shot Misses the Net.
5:27 of 3rd period - Off-side.
5:28 of 3rd period - Matt Duchene wins face-off versus Casey Cizikas in neutral zone.
5:35 of 3rd period - Shot by Matt Duchene.
5:35 of 3rd period - Stopped by Carter Hart without a rebound.
5:36 of 3rd period - Ryan O'Reilly wins face-off versus Brock Nelson in WASHINGTON zone.
5:38 of 3rd period - Icing by Matt Niskanen.
5:39 of 3rd period - Ryan O'Reilly wins face-off versus Matt Duchene in WASHINGTON zone.
6:10 of 3rd period - Shot by Matt Duchene.
6:10 of 3rd period - Shot Misses the Net.
6:15 of 3rd period - Minor Penalty to Damon Severson for Interference.
6:16 of 3rd period - Ryan O'Reilly wins face-off versus Eric Staal in WASHINGTON zone.
6:22 of 3rd period - Icing by Charlie Coyle.
6:23 of 3rd period - Ryan O'Reilly wins face-off versus Eric Staal in BUFFALO zone.
6:31 of 3rd period - Icing by Charlie Coyle.
6:32 of 3rd period - Eric Staal wins face-off versus Ryan O'Reilly in BUFFALO zone.
6:32 of 3rd period - Eric Staal is hit by Ryan O'Reilly.
6:52 of 3rd period - Shot by Shea Theodore.
6:52 of 3rd period - Stopped by Carter Hart without a rebound.
6:53 of 3rd period - Ryan O'Reilly wins face-off versus Matt Duchene in WASHINGTON zone.
6:53 of 3rd period - Blake Wheeler is hit by Matt Duchene and loses puck.
7:18 of 3rd period - Shot by Brad Marchand.
7:18 of 3rd period - Stopped by Carter Hart without a rebound.
7:19 of 3rd period - Luke Glendening wins face-off versus Eric Staal in WASHINGTON zone.
9:11 of 3rd period - Shot by Justin Williams.
9:11 of 3rd period - Shot Misses the Net.
9:14 of 3rd period - Icing by Roman Josi.
9:15 of 3rd period - Matt Duchene wins face-off versus Ryan O'Reilly in BUFFALO zone.
9:30 of 3rd period - Victor Hedman is hit by Brad Marchand and loses puck.
9:35 of 3rd period - Shot by Matt Duchene.
9:35 of 3rd period - Stopped by Carter Hart without a rebound.
9:36 of 3rd period - Ryan Getzlaf wins face-off versus Eric Staal in WASHINGTON zone.
9:44 of 3rd period - Minor Penalty to Dylan DeMelo for Interference.
9:45 of 3rd period - Ryan O'Reilly wins face-off versus Matt Duchene in WASHINGTON zone.
9:45 of 3rd period - Ryan O'Reilly is hit by Brad Marchand.
10:10 of 3rd period - Roman Josi is hit by Ryan Graves and loses puck.
13:45 of 3rd period - Shot by Clayton Keller.
13:45 of 3rd period - Shot Misses the Net.
13:58 of 3rd period - Icing by Victor Hedman.
13:59 of 3rd period - Matt Duchene wins face-off versus Ryan Getzlaf in WASHINGTON zone.
14:14 of 3rd period - Shot by Brock Nelson.
14:14 of 3rd period - Stopped by Carter Hart with a rebound.
14:32 of 3rd period - Shot by Brock Nelson.
14:32 of 3rd period - Goal by Brock Nelson - WASHINGTON : 2 - BUFFALO : 4.
14:33 of 3rd period - Luke Glendening wins face-off versus Nate Thompson in neutral zone.
15:29 of 3rd period - Ryan O'Reilly is hit by Roman Josi and loses puck.
16:06 of 3rd period - Shot by Casey Cizikas.
16:06 of 3rd period - Stopped by Tuukka Rask without a rebound.
16:07 of 3rd period - Matt Duchene wins face-off versus Ryan Getzlaf in BUFFALO zone.
16:07 of 3rd period - Brad Marchand is hit by Ryan Getzlaf and loses puck.
16:24 of 3rd period - Shot by Clayton Keller.
16:24 of 3rd period - Shot Misses the Net.
16:26 of 3rd period - Shot by Damon Severson.
16:26 of 3rd period - Shot Misses the Net.
16:28 of 3rd period - Shot by Ryan Getzlaf.
16:28 of 3rd period - Stopped by Tuukka Rask without a rebound.
16:29 of 3rd period - Luke Glendening wins face-off versus Eric Staal in BUFFALO zone.
16:44 of 3rd period - Shot by Ryan Graves.
16:44 of 3rd period - Stopped by Tuukka Rask without a rebound.
16:45 of 3rd period - Ryan Getzlaf wins face-off versus Matt Duchene in BUFFALO zone.
16:59 of 3rd period - Ryan Getzlaf is hit by Brent Seabrook and loses puck.
17:05 of 3rd period - Off-side.
17:06 of 3rd period - Ryan O'Reilly wins face-off versus Eric Staal in neutral zone.
17:37 of 3rd period - Shot by Charlie Coyle.
17:37 of 3rd period - Shot Misses the Net.
18:47 of 3rd period - Roman Josi is hit by Ryan Getzlaf and loses puck.
19:16 of 3rd period - Shot by Brendan Gallagher.
19:16 of 3rd period - Stopped by Tuukka Rask without a rebound.
19:17 of 3rd period - Jordan Staal wins face-off versus Luke Glendening in BUFFALO zone.
19:40 of 3rd period - Shot by Blake Wheeler.
19:40 of 3rd period - Shot Misses the Net.
19:42 of 3rd period - Shot by Damon Severson.
19:42 of 3rd period - Goal by Damon Severson - WASHINGTON : 3 - BUFFALO : 4.
19:43 of 3rd period - Ryan Getzlaf wins face-off versus Jordan Staal in neutral zone.
19:46 of 3rd period - WASHINGTON, Carter Hart is pulled from the net.
19:46 of 3rd period - Shot by Victor Hedman.
19:46 of 3rd period - Deflect By Brendan Gallagher.
19:46 of 3rd period - Shot Misses the Net.
19:48 of 3rd period - Shot by Victor Hedman.
19:48 of 3rd period - Stopped by Tuukka Rask with a rebound.
Goals for this period are 1 for WASHINGTON vs 1 for BUFFALO.
Shots for this period are 7 for WASHINGTON vs 11 for BUFFALO.